AoeStats
← AlesiGNZ2

Arabian Desert

510470571Analyzed
1v1 RM · 3d ago on Oct 1, 2026· 25m 42s· 2 players
Game mode
Random Map
Map size
Tiny (2 player)
Population
200
Speed
Normal
Resources
Standard
Victory
Conquest
Starting age
Dark Age
Ending age
Imperial Age
RankedLock teamsTeams togetherTeam positionsShared explorationLock speedFull tech treeHidden civsTurbo modeCheats
Victory
Defeat
🇲🇽 Magyars · Mexico
1127
+22
🇦🇷 Britons · Argentina
1131
-40
OM | Romeo D. Sins
5:48 Loom
8:53 Feudal Age
9:26 Double-Bit Axe
12:31 Scale Barding Armor
13:24 Horse Collar
15:24 Wheelbarrow
19:36 Castle Age
18:41 Bloodlines
20:29 Bow Saw
20:20 Heavy Plow
23:27 Chain Barding Armor
25:16 Husbandry
AlesiGNZ2
9:23 Feudal Age
17:14 Double-Bit Axe
22:28 Castle Age
22:10 Fletching
22:21 Scale Mail Armor
22:24 Padded Archer Armor
23:42 Stone Mining
Connection lost

Rejoining the realm…

Still unreachable

The connection could not be restored.

Session expired

The server has moved on; the page needs a fresh start.